 Dungeon Crawl Stone Soup version 0.28.0-1-gb440e238dd (webtiles) character file.

Game seed: 13520212080948502930

1525 browni3141 the Gusty (level 8, -4/59 HPs)
             Began as a Gnoll Air Elementalist on Feb 19, 2022.
             Slain by a vampire mosquito (9 damage)
             ... on level 5 of the Dungeon.
             The game lasted 00:07:37 (5496 turns).

browni3141 the Gusty (Gnoll Air Elementalist)       Turns: 5496, Time: 00:07:38

Health: -4/59      AC:  2    Str:  8    XL:     8   Next: 84%
Magic:  1/17       EV: 18    Int: 16    God:
Gold:   212        SH:  0    Dex: 13    Spells: 14/19 levels left

rFire   . . .      SeeInvis .   j - +0 quarterstaff
rCold   . . .      Faith    .   (shield currently unavailable)
rNeg    . . .      Spirit   .   a - +0 robe
rPois   .          Reflect  .   (no helmet)
rElec   .          Harm     .   (no cloak)
rCorr   .          Rampage  .   (no gloves)
Will    .....                   (no boots)
Stlth   +++.......              (no amulet)
HPRegen 0.19/turn               Y - +4 ring of slaying
MPRegen 0.15/turn               E - +4 ring of evasion

@: no status effects
A: fangs 1, strong nose, distributed training
a: no special abilities


You were on level 5 of the Dungeon.
You visited 1 branch of the dungeon, and saw 5 of its levels.

You collected 212 gold pieces.


Innate Abilities, Weirdness & Mutations

You have very sharp teeth.
Your uncanny sense of smell can sniff out nearby items.
Your experience applies equally to all skills.


   Skills:
 + Level 3.6 Fighting
 + Level 3.6 Short Blades
 + Level 3.6 Long Blades
 + Level 3.6 Axes
 + Level 3.6 Maces & Flails
 + Level 3.6 Polearms
 + Level 3.6 Staves
 + Level 3.6 Slings
 + Level 3.6 Bows
 + Level 3.6 Crossbows
 + Level 3.6 Throwing
 + Level 3.6 Armour
 + Level 5.9 Dodging
 + Level 5.6 Stealth
 + Level 3.6 Shields
 + Level 3.6 Unarmed Combat
 + Level 6.2 Spellcasting
 + Level 3.7 Conjurations
 + Level 3.0 Hexes
 + Level 3.0 Summonings
 + Level 3.0 Necromancy
 + Level 3.0 Translocations
 + Level 3.0 Transmutations
 + Level 3.0 Fire Magic
 + Level 3.0 Ice Magic
 + Level 6.3 Air Magic
 + Level 3.0 Earth Magic
 + Level 3.0 Poison Magic
 + Level 4.0 Invocations
 + Level 3.6 Evocations


You had 14 spell levels left.
You knew the following spells:

 Your Spells              Type           Power      Damage    Failure   Level
p - Poisonous Vapours     Pois/Air       38%        N/A       3%          2
t - Static Discharge      Conj/Air       21%        N/A       2%          2
z - Shock                 Conj/Air       84%        1d8       1%          1

Your spell library contained the following spells:

 Spells                   Type           Power      Damage    Failure   Level
 Corpse Rot               Necr/Air       38%        N/A       3%          2
 Swiftness                Air            25%        N/A       3%          3
 Airstrike                Air            12%        N/A       10%         4

Inventory:

Hand Weapons
 b - a +0 dagger
 j - a +0 quarterstaff (weapon)
Armour
 a - a +0 robe (worn)
 m - a +2 helmet
Jewellery
 E - a +4 ring of evasion (right hand)
 F - a ring of fire
 W - a ring of magical power
 Y - a +4 ring of slaying (left hand)
Wands
 r - a wand of charming (10)
Scrolls
 d - 5 scrolls of identify {unknown}
 f - a scroll of enchant armour {unknown}
 g - 3 scrolls of teleportation {unknown}
 n - a scroll of magic mapping {unknown}
 q - a scroll of amnesia {unknown}
Potions
 c - a potion of degeneration {unknown}
 e - 2 potions of lignification {unknown}
 h - a potion of mutation {unknown}
 i - 2 potions of haste {unknown}
 k - a potion of berserk rage {unknown}
 l - 3 potions of curing {unknown}
 o - 3 potions of might {unknown}
 p - a potion of heal wounds {unknown}

Dungeon Overview and Level Annotations

Branches:
Dungeon (5/15)
 Temple: D:4-7

Altars:
Fedhas

Shops:
D:2 (

Annotations:
D:5 2 transporters, exclusion: door, SnakkuSnakku7's ghost, novice DEAr

##........©¦[¦..¦.
#######...¦$....©
#..©¦.¦..¦
##..¦..¦ .
#..¦..¦¦..
##..¦O¦..¦.
##...¦W.....
#....¦¦¦¦¦¦¦
#.......@.#
#.....$...y)#
#............##
#.[...........#
#.............#
#.............#
##............#
............
........#


You could see a vampire mosquito.


Message History

The vampire mosquito draws strength from your injuries!
Your Hexes skill increases to level 3!
Your Summonings skill increases to level 3!
Your Necromancy skill increases to level 3!
Your Translocations skill increases to level 3!
Your Transmutations skill increases to level 3!
Your Fire Magic skill increases to level 3!
Your Ice Magic skill increases to level 3!
Your Earth Magic skill increases to level 3!
Your Poison Magic skill increases to level 3!
Your Invocations skill increases to level 4!
Casting: Static Discharge (safe; 2% risk of failure)
Confirm with . or Enter, or press ? or * to list all spells.
The vampire mosquito is struck by an arc of lightning.
The vampire mosquito is heavily damaged.
You are struck by an arc of lightning.
* * * LOW HITPOINT WARNING * * *
The vampire mosquito is struck by an arc of lightning!
The vampire mosquito is severely damaged.
The lightning grounds out.
The vampire mosquito closely misses you. x2
Casting: Static Discharge (safe; 2% risk of failure)
Confirm with . or Enter, or press ? or * to list all spells.
You don't have enough magic to cast this spell.
You are too injured to fight recklessly!
The vampire mosquito bites you.
* * * LOW HITPOINT WARNING * * *
The vampire mosquito draws strength from your injuries!
The vampire mosquito bites you!
You die...

Skill      XL: |  1  2  3  4  5  6  7  8 |
---------------+-------------------------+-----
Conjurations   | 2 3 |  3.7
Spellcasting   | 5 6 |  6.2
Invocations    | 1 2 3 4 |  4.0
Fighting       | 1 2 3 |  3.6
Short Blades   | 1 2 3 |  3.6
Long Blades    | 1 2 3 |  3.6
Axes           | 1 2 3 |  3.6
Maces & Flails | 1 2 3 |  3.6
Polearms       | 1 2 3 |  3.6
Staves         | 1 2 3 |  3.6
Slings         | 1 2 3 |  3.6
Bows           | 1 2 3 |  3.6
Crossbows      | 1 2 3 |  3.6
Throwing       | 1 2 3 |  3.6
Armour         | 1 2 3 |  3.6
Shields        | 1 2 3 |  3.6
Unarmed Combat | 1 2 3 |  3.6
Evocations     | 1 2 3 |  3.6
Hexes          | 1 2 3 |  3.0
Summonings     | 1 2 3 |  3.0
Necromancy     | 1 2 3 |  3.0
Translocations | 1 2 3 |  3.0
Transmutations | 1 2 3 |  3.0
Fire Magic     | 1 2 3 |  3.0
Ice Magic      | 1 2 3 |  3.0
Earth Magic    | 1 2 3 |  3.0
Poison Magic   | 1 2 3 |  3.0
Dodging        | 5 |  5.9
Stealth        | 5 |  5.6
Air Magic      | 6 |  6.3

Action                   |  1- 3 |  4- 6 |  7- 9 || total
-------------------------+-------+-------+-------++-------
Melee: Dagger            |    74 |    20 |       ||    94
       Bite              |     7 |     4 |     2 ||    13
       Punch             |     1 |     1 |       ||     2
       Quarterstaff      |       |    25 |    26 ||    51
 Cast: Shock             |    30 |    55 |    38 ||   123
       Poisonous Vapours |     2 |     5 |       ||     7
       Static Discharge  |       |     8 |     9 ||    17
 Stab: Sleeping          |     8 |     6 |     2 ||    16
Armor: Robe              |    21 |     9 |     2 ||    32
Dodge: Dodged            |    50 |    70 |    39 ||   159

Levels and vault maps discovered:
D:1:      scummos_arrival_hexagon, layout_loops_ring,
          hellmonk_ecumenical_altar_pennies_from_heaven
D:2:      layout_basic, basic_altar, serial_shops, nicolae_shop_trees,
          chequers_serial_rivers_small_3, minmay_fractal_squares_gapless_5
D:3:      layout_basic, serial_rivers, chequers_serial_rivers_micro_c,
          chequers_serial_rivers_micro_e, chequers_serial_rivers_room_b,
          chequers_serial_rivers_room_a, chequers_serial_rivers_micro_c,
          wander_ebering_terrifying_dragon_lair, uniq_robin
D:4:      layout_gridville, serial_rivers, chequers_serial_rivers_micro_e,
          chequers_serial_rivers_micro_c, chequers_serial_rivers_small_b,
          chequers_serial_rivers_room_b, chequers_serial_rivers_large_a,
          chequers_serial_rivers_room_a, uniq_pikel, uniq_natasha, uniq_sigmund
D:5:      layout_cave_pods, gammafunk_ghost_smash, grunt_tough_drop

Notes
Turn   | Place    | Note
-------+----------+-------------------------------------------
     0 | D:1      | browni3141 the Gnoll Air Elementalist began the quest for
                  | the Orb.
     0 | D:1      | Reached XP level 1. HP: 13/13 MP: 6/6
   179 | D:1      | Reached skill level 2 in Conjurations
   302 | D:1      | Reached XP level 2. HP: 14/19 MP: 4/7
   583 | D:1      | Learned a level 2 spell: Static Discharge
   731 | D:1      | Reached XP level 3. HP: 25/25 MP: 9/9
   839 | D:1      | Reached skill level 5 in Spellcasting
   941 | D:1      | Found a faded altar of an unknown god.
  1164 | D:2      | Reached skill level 1 in Invocations
  1482 | D:2      | Learned a level 2 spell: Poisonous Vapours
  1630 | D:2      | Reached skill level 1 in Fighting
  1630 | D:2      | Reached skill level 1 in Short Blades
  1630 | D:2      | Reached skill level 1 in Long Blades
  1630 | D:2      | Reached skill level 1 in Axes
  1630 | D:2      | Reached skill level 1 in Maces & Flails
  1630 | D:2      | Reached skill level 1 in Polearms
  1630 | D:2      | Reached skill level 1 in Staves
  1630 | D:2      | Reached skill level 1 in Slings
  1630 | D:2      | Reached skill level 1 in Bows
  1630 | D:2      | Reached skill level 1 in Crossbows
  1630 | D:2      | Reached skill level 1 in Throwing
  1630 | D:2      | Reached skill level 1 in Armour
  1630 | D:2      | Reached skill level 1 in Shields
  1630 | D:2      | Reached skill level 1 in Unarmed Combat
  1630 | D:2      | Reached skill level 1 in Evocations
  1630 | D:2      | Reached XP level 4. HP: 28/32 MP: 4/11
  1797 | D:2      | Found Zomafupn's Antique Weapon Shoppe.
  2325 | D:2      | Found a blossoming altar of Fedhas.
  2346 | D:2      | Reached skill level 1 in Hexes
  2346 | D:2      | Reached skill level 1 in Summonings
  2346 | D:2      | Reached skill level 1 in Necromancy
  2346 | D:2      | Reached skill level 1 in Translocations
  2346 | D:2      | Reached skill level 1 in Transmutations
  2346 | D:2      | Reached skill level 1 in Fire Magic
  2346 | D:2      | Reached skill level 1 in Ice Magic
  2346 | D:2      | Reached skill level 1 in Earth Magic
  2346 | D:2      | Reached skill level 1 in Poison Magic
  2564 | D:3      | Reached XP level 5. HP: 37/37 MP: 6/12
  3119 | D:3      | Reached skill level 2 in Invocations
  3119 | D:3      | Reached XP level 6. HP: 37/44 MP: 2/13
  3669 | D:3      | Reached skill level 5 in Dodging
  3676 | D:3      | Noticed Robin
  3684 | D:3      | Killed Robin
  3685 | D:3      | Reached skill level 2 in Fighting
  3685 | D:3      | Reached skill level 2 in Short Blades
  3685 | D:3      | Reached skill level 2 in Long Blades
  3685 | D:3      | Reached skill level 2 in Axes
  3685 | D:3      | Reached skill level 2 in Maces & Flails
  3685 | D:3      | Reached skill level 2 in Polearms
  3685 | D:3      | Reached skill level 2 in Staves
  3685 | D:3      | Reached skill level 2 in Slings
  3685 | D:3      | Reached skill level 2 in Bows
  3685 | D:3      | Reached skill level 2 in Crossbows
  3685 | D:3      | Reached skill level 2 in Throwing
  3685 | D:3      | Reached skill level 2 in Armour
  3685 | D:3      | Reached skill level 2 in Shields
  3685 | D:3      | Reached skill level 2 in Unarmed Combat
  3685 | D:3      | Reached skill level 2 in Evocations
  4062 | D:4      | Noticed Sigmund
  4070 | D:4      | Killed Sigmund
  4071 | D:4      | Reached XP level 7. HP: 25/50 MP: 3/15
  4656 | D:4      | Noticed Pikel
  4670 | D:4      | Killed Pikel
  4671 | D:4      | Reached skill level 3 in Fighting
  4671 | D:4      | Reached skill level 3 in Short Blades
  4671 | D:4      | Reached skill level 3 in Long Blades
  4671 | D:4      | Reached skill level 3 in Axes
  4671 | D:4      | Reached skill level 3 in Maces & Flails
  4671 | D:4      | Reached skill level 3 in Polearms
  4671 | D:4      | Reached skill level 3 in Staves
  4671 | D:4      | Reached skill level 3 in Slings
  4671 | D:4      | Reached skill level 3 in Bows
  4671 | D:4      | Reached skill level 3 in Crossbows
  4671 | D:4      | Reached skill level 3 in Throwing
  4671 | D:4      | Reached skill level 3 in Armour
  4671 | D:4      | Reached skill level 5 in Stealth
  4671 | D:4      | Reached skill level 3 in Shields
  4671 | D:4      | Reached skill level 3 in Unarmed Combat
  4671 | D:4      | Reached skill level 3 in Conjurations
  4671 | D:4      | Reached skill level 2 in Hexes
  4671 | D:4      | Reached skill level 2 in Summonings
  4671 | D:4      | Reached skill level 2 in Necromancy
  4671 | D:4      | Reached skill level 2 in Translocations
  4671 | D:4      | Reached skill level 2 in Transmutations
  4671 | D:4      | Reached skill level 2 in Fire Magic
  4671 | D:4      | Reached skill level 2 in Ice Magic
  4671 | D:4      | Reached skill level 6 in Air Magic
  4671 | D:4      | Reached skill level 2 in Earth Magic
  4671 | D:4      | Reached skill level 2 in Poison Magic
  4671 | D:4      | Reached skill level 3 in Invocations
  4671 | D:4      | Reached skill level 3 in Evocations
  4671 | D:4      | Reached XP level 8. HP: 41/58 MP: 8/16
  4892 | D:4      | Noticed Natasha
  4897 | D:4      | Killed Natasha
  4948 | D:4      | Noticed Natasha
  4955 | D:4      | Killed Natasha
  5083 | D:4      | Noticed Natasha
  5091 | D:4      | Killed Natasha
  5238 | D:5      | Entered Level 5 of the Dungeon
  5462 | D:5      | Found a transporter.
  5462 | D:5      | Found a transporter.
  5476 | D:5      | Noticed SnakkuSnakku7's ghost (novice DEAr)
  5484 | D:5      | Noticed a kobold demonologist
  5491 | D:5      | Reached skill level 6 in Spellcasting
  5494 | D:5      | Killed a kobold demonologist
  5495 | D:5      | Reached skill level 3 in Hexes
  5495 | D:5      | Reached skill level 3 in Summonings
  5495 | D:5      | Reached skill level 3 in Necromancy
  5495 | D:5      | Reached skill level 3 in Translocations
  5495 | D:5      | Reached skill level 3 in Transmutations
  5495 | D:5      | Reached skill level 3 in Fire Magic
  5495 | D:5      | Reached skill level 3 in Ice Magic
  5495 | D:5      | Reached skill level 3 in Earth Magic
  5495 | D:5      | Reached skill level 3 in Poison Magic
  5495 | D:5      | Reached skill level 4 in Invocations
  5496 | D:5      | HP: 5/59 [vampire mosquito (5)]
  5496 | D:5      | Slain by a vampire mosquito

Vanquished Creatures
  Pikel (D:4)
  A kobold demonologist (D:5)
  Sigmund (D:4)
  A vampire mosquito (D:5)
  2 lemures (D:4)
  A phantom (D:5)
  An orc priest (D:3)
  Natasha (thrice) (D:4)
  2 orc wizards (D:3)
  Robin (D:3)
  A howler monkey skeleton (D:5)
  8 adders
  8 gnolls
  2 worms
  2 dart slugs
  8 orcs
  5 endoplasms
  2 giant cockroaches
  11 goblins
  9 hobgoblins
  8 jackals
  3 quokkas
  10 ball pythons
  7 bats
  6 frilled lizards
  7 kobolds
  2 rats
113 creatures vanquished.

Table legend: (Time is in decaauts)
 A = Elapsed time spent in this place.
 B = Non-inter-level travel time spent in this place.
 C = Inter-level travel time spent in this place.
 D = Time resting spent in this place.
 E = Time spent auto-exploring this place.
 F = Levels seen in this place.
 G = Mean time per level.
                   A        B        C        D        E       F      G
               +--------+--------+--------+--------+--------+-----+--------+
         Total |   5532 |   5354 |    178 |    389 |   4092 |   5 | 1106.4 |
       Dungeon |   5532 |   5354 |    178 |    389 |   4092 |   5 | 1106.4 |
               +--------+--------+--------+--------+--------+-----+--------+

Top non-repeatable levels by time:
     D:2: 1692 daAuts
     D:4: 1386 daAuts
     D:3: 1113 daAuts
     D:1: 1081 daAuts
     D:5: 259 daAuts

Table legend:
 A = Non-vault XP
 B = Vault XP
 C = Vault XP percentage of total XP
 D = Non-vault monster count
 E = Vault monster count
 F = Vault count percentage of total count
                 A         B        C        D         E       F
            +---------+---------+-------+---------+---------+-------
      Total |    1202 |     977 |  44.8 |      95 |      16 |  14.4
            +---------+---------+-------+---------+---------+-------
        D:1 |      44 |       0 |   0.0 |      28 |       0 |   0.0
        D:2 |      96 |       2 |   2.0 |      21 |       1 |   4.5
        D:3 |     286 |      32 |  10.1 |      31 |      10 |  24.4
        D:4 |      96 |     943 |  90.8 |       9 |       5 |  35.7
        D:5 |     680 |       0 |   0.0 |       6 |       0 |   0.0
            +---------+---------+-------+---------+---------+-------
